 Dungeon Crawl Stone Soup version 0.20-a0-760-g49f5558 (webtiles) character file.

3469 polly the Blocker (level 10, -2/60 HPs)
             Began as a Gargoyle Fighter on Feb 25, 2017.
             Was a Priest of Okawaru.
             Slain by a wyvern (11 damage)
             ... on level 7 of the Dungeon.
             The game lasted 00:09:50 (7151 turns).

polly the Blocker (Gargoyle Fighter)                Turns: 7151, Time: 00:09:50

Health: -2/60      AC: 24    Str: 21    XL:     10   Next: 6%
Magic:  10/10      EV:  7    Int: 12    God:    Okawaru [***...]
Gold:   415        SH: 11    Dex: 11    Spells: 9/9 levels left

rFire    . . .     SeeInvis +   a - +0 flail
rCold    . . .     Gourm    .   T - +6 chain mail of Bygovumo {rElec Int+3 SInv}
rNeg     + . .     Faith    +   c - +0 shield
rPois    ∞         Spirit   .   (no helmet)
rElec    +         Reflect  .   l - +0 cloak
rCorr    .         Harm     .   (no gloves)
MR       .....                  (no boots)
Stlth    ..........             d - amulet of faith
Regen    0.2/turn               (no ring)
MPRegen  0.2/turn               R - ring of see invisible

@: no status effects
A: negative energy resistance 1, electricity resistance, unbreathing,
petrification resistance, rot immunity, AC +7
a: Heroism, Renounce Religion


You were on level 7 of the Dungeon.
You worshipped Okawaru.
Okawaru was most pleased with you.
You were not hungry.

You visited 2 branches of the dungeon, and saw 9 of its levels.
You also visited: Ossuary.

You collected 415 gold pieces.

Inventory:

Hand Weapons
 a - a +0 flail (weapon)
Missiles
 Q - 3 steel tomahawks (quivered)
Armour
 c - a +0 shield (worn)
 l - a +0 cloak (worn)
 T - the +6 chain mail of Bygovumo (worn) {rElec Int+3 SInv}
   (You found it on level 8 of the Dungeon)

   It affects your intelligence (+3).
   It insulates you from electricity.
   It lets you see invisible.
Jewellery
 d - an amulet of faith (around neck)
 p - a +4 amulet of reflection
 R - a ring of see invisible (left hand)
Wands
 t - a wand of paralysis (6/24)
 x - a wand of scattershot (4/9)
 F - a wand of paralysis (9/24)
 H - a wand of paralysis (15/24)
 O - a wand of flame (17/48)
 S - a wand of disintegration (21/24)
Scrolls
 b - 2 scrolls of immolation {unknown}
 e - 2 scrolls of fear {unknown}
 g - 2 scrolls of teleportation {unknown}
 h - 3 scrolls of magic mapping {unknown}
 k - 2 scrolls of blinking {unknown}
 m - 3 scrolls of recharging {unknown}
 o - 2 scrolls of random uselessness {unknown}
 q - 11 scrolls of identify {unknown}
 w - 2 scrolls of remove curse {unknown}
 y - a scroll of torment {unknown}
 A - 2 scrolls of amnesia {unknown}
 K - a scroll of acquirement {unknown}
 L - a scroll of holy word {unknown}
 N - a scroll of summoning {unknown}
 P - a scroll of fog {unknown}
Potions
 r - 2 potions of haste {unknown}
 u - a potion of magic {unknown}
 v - 2 potions of ambrosia {unknown}
 z - a potion of cancellation {unknown}
 B - a potion of agility {unknown}
 C - a potion of brilliance {unknown}
 D - a potion of mutation {unknown}
 E - 2 potions of flight {unknown}
 J - a potion of berserk rage {unknown}
 M - 2 potions of lignification {unknown}
Books
 G - a book of Conjurations

   Spells                             Type                      Level
   a - Magic Dart                     Conjuration                  1
   b - Searing Ray                    Conjuration                  2
   c - Dazzling Spray                 Conjuration/Hexes            3
   d - Fulminant Prism                Conjuration/Hexes            4
   e - Force Lance                    Conjuration/Translocation    4
   f - Iskenderun's Mystic Blast      Conjuration                  4
Comestibles
 f - 3 bread rations
 i - a fruit
 s - 2 meat rations
 I - 4 royal jellies
 U - a chunk of flesh


   Skills:
 + Level 6.0 Fighting
 + Level 9.1 Maces & Flails
 + Level 6.1 Armour
 + Level 2.3 Dodging
 + Level 0.5 Stealth
 + Level 9.3 Shields


You had 9 spell levels left.
You didn't know any spells.

Dungeon Overview and Level Annotations

Branches:
Dungeon (8/15)             Temple (1/1) D:5            Lair (0/6) D:8

Altars:
Ashenzari
Cheibriados
Dithmenos
Elyvilon
Fedhas
Gozag
Hepliaklqana
Kikubaaqudgha
Makhleb
Nemelex Xobeh
Okawaru
Qazlal
Ru
Sif Muna
Trog
Uskayaw
Vehumet
Wu Jian
Xom
Yredelemnul
Zin
The Shining One


Innate Abilities, Weirdness & Mutations

You are resistant to torment.
Your stone body is resilient. (AC +7)
You are immune to poison.
You resist negative energy. (rN+)
You are resistant to electric shocks. (rElec)
You can survive without breathing.
You are immune to petrification.
You are immune to rotting.


Message History

The wyvern bites you but does no damage.
You block the wyvern's attack.
You feel better. You block the wyvern's attack.
You thump the wyvern!
The wyvern is heavily wounded.
The wyvern bites you.
* * * LOW HITPOINT WARNING * * *
You hit the wyvern.
The wyvern is heavily wounded.
The wyvern bites you!
* * * LOW HITPOINT WARNING * * *
The wyvern bites you but does no damage.
You hit the wyvern.
The wyvern is severely wounded.
You block the wyvern's attack.
Okay, then.
You hit the wyvern.
The wyvern is almost dead.
The wyvern closely misses you. The wyvern bites you!
You die...

###......###.#### #.........#
#.).##...###....# #.........#
##.).[...^..####.### #.........#
#.............##...###.........#
#...........#.##.....#.........#
............#.#................#
...............................#
...............................#
................@>......[......#
.........###....l.............##
.........###.#...............##
.........##..#..............##
.........#.................##
.##...###.......#####.####.##
####........##..# #.# #..#####
...........)....# #.#####......
.#####.##....#.## #.(.)........


You could see a wyvern.

Vanquished Creatures
  A troll (D:8)
  A wraith (Ossuary)
  Menkaure (D:6)
  2 black bears (D:6)
  A necrophage (D:7)
  An ogre (D:6)
  An ice beast (D:8)
  3 wolves (D:8)
  3 centaurs
  3 bullfrogs
  9 killer bees
  3 scorpions
  4 wights (D:7)
  2 electric eels (D:8)
  A howler monkey (D:4)
  A bullfrog zombie (D:6)
  3 crimson imps
  9 hounds
  A jelly (D:7)
  2 centaur skeletons (D:4)
  An orc priest (D:7)
  2 bullfrog skeletons
  3 orc wizards (D:3)
  An iguana (D:6)
  5 worker ants
  A mummy (Ossuary)
  A worker ant zombie (D:5)
  A howler monkey zombie (D:7)
  7 adders
  A howler monkey skeleton (D:7)
  2 shadow imps (D:6)
  An ooze (D:1)
  2 adder skeletons
  4 dart slugs
  3 leopard geckos
  19 orcs
  3 giant cockroaches
  15 goblins
  4 hobgoblins
  11 jackals
  A quokka (D:4)
  A ball python (D:3)
  9 bats
  5 frilled lizards
  3 gnoll skeletons (Ossuary)
  A jackal zombie (D:7)
  6 kobolds
  5 kobold skeletons (Ossuary)
  17 orc skeletons (Ossuary)
  11 rats
198 creatures vanquished.

Notes
Turn   | Place    | Note
-------+----------+-------------------------------------------
     0 | D:1      | polly the Gargoyle Fighter began the quest for the Orb.
     0 | D:1      | Reached XP level 1. HP: 14/14 MP: 1/1
   104 | D:1      | Reached XP level 2. HP: 16/19 MP: 2/2
   410 | D:1      | Reached XP level 3. HP: 14/23 MP: 3/3
   887 | D:2      | Reached XP level 4. HP: 29/29 MP: 4/4
  1233 | D:3      | Reached XP level 5. HP: 32/33 MP: 5/5
  1727 | D:3      | Reached skill level 1 in Dodging
  1774 | D:3      | Reached XP level 6. HP: 27/38 MP: 6/6
  2321 | D:4      | Reached skill level 5 in Shields
  2468 | D:4      | Reached XP level 7. HP: 32/43 MP: 7/7
  2730 | D:5      | Entered Level 5 of the Dungeon
  2734 | D:5      | Found a staircase to the Ecumenical Temple.
  2751 | Temple   | Entered the Ecumenical Temple
  2942 | Temple   | Became a worshipper of Warmaster Okawaru
  3036 | D:5      | Found a sand-covered staircase.
  3083 | Ossuary  | Entered an ossuary
  3083 | Ossuary  | Noticed a wraith
  3083 | Ossuary  | Noticed a wraith
  3083 | Ossuary  | Noticed a wraith
  3139 | Ossuary  | Noticed a wraith
  3173 | Ossuary  | Killed a wraith
  3173 | Ossuary  | Reached skill level 5 in Maces & Flails
  3311 | D:5      | Found a shattered altar of Ashenzari.
  3473 | D:5      | Reached * piety under Okawaru
  3473 | D:5      | Reached XP level 8. HP: 25/48 MP: 8/8
  3491 | D:5      | HP: 2/48 [killer bee (1)]
  4260 | D:6      | Noticed Menkaure
  4268 | D:6      | Killed Menkaure
  4268 | D:6      | Reached skill level 5 in Armour
  4530 | D:6      | Reached ** piety under Okawaru
  4751 | D:6      | Reached skill level 5 in Fighting
  4905 | D:6      | Reached XP level 9. HP: 33/54 MP: 9/9
  5359 | D:7      | Reached *** piety under Okawaru
  6003 | D:8      | Found a staircase to the Lair.
  6006 | D:8      | Noticed a troll
  6032 | D:8      | Received a gift from Okawaru
  6071 | D:8      | Killed a troll
  6071 | D:8      | Reached XP level 10. HP: 39/60 MP: 10/10
  6173 | D:8      | Noticed a two-headed ogre
  6629 | D:8      | Got an ichor-stained chain mail
  6640 | D:8      | Identified the +6 chain mail of Bygovumo {rElec Int+3 SInv} (You found it on level 8 of the Dungeon)
  6801 | D:8      | Reached **** piety under Okawaru
  7151 | D:7      | Slain by a wyvern

Vault maps used:
D:1:      lightli_arrival_windingriver
D:2:      minmay_diamond_boxcup, minmay_crystal_water
D:3:      first_bread
D:5:      ashenzari_conservatory_becter, minmay_temple_entry_statues_pillars,
          nicolae_ossuary_entry_false_entrances, sigmund_army
D:6:      black_bear_nest_1, minmay_joined_circles, uniq_menkaure
D:8:      erik_lair_island, uniq_erica
Temple:   kilobyte_greek_temple
Ossuary:  ossuary_due_mausoleum

Skill      XL: |  1  2  3  4  5  6  7  8  9 10 |
---------------+-------------------------------+-----
Maces & Flails | 3 4 5 7 9 |  9.1
Shields        | 4 5 6 7 9 |  9.3
Armour         | 4 5 6 |  6.1
Dodging        | 1 2 |  2.3
Fighting       | 4 5 6 |  6.0
Stealth        | |  0.5

Action                   |  1- 3 |  4- 6 |  7- 9 | 10-12 || total
-------------------------+-------+-------+-------+-------++-------
Melee: Flail             |   110 |   258 |   577 |    78 ||  1023
Throw: Tomahawk          |       |       |       |     3 ||     3
  Use: Potion            |       |       |     5 |     3 ||     8
  Eat: Chunk             |       |     6 |    10 |     5 ||    21
       Fruit             |       |       |     1 |       ||     1
Armor: Scale mail        |    69 |   165 |       |       ||   234
       Chain mail        |       |    42 |   193 |    19 ||   254
       Plate armour      |       |       |   195 |     6 ||   201
Dodge: Dodged            |    51 |    91 |   181 |    18 ||   341
Block: Shield            |    78 |   246 |   491 |    25 ||   840
       Reflection        |       |     1 |     1 |       ||     2
